 Dungeon Crawl Stone Soup version 0.14-a0-2443-g5aee772 (webtiles) character file.

1803 RedPan the Basher (level 8, 0/46 HPs)
             Began as a Gargoyle Fighter on Feb 5, 2014.
             Was a Believer of Okawaru.
             Slain by an ogre
             ... wielding a +0,+0 giant spiked club
              (26 damage)
             ... on Level 6 of the Dungeon.
             The game lasted 00:16:31 (5381 turns).

RedPan the Basher (Gargoyle Fighter)                Turns: 5381, Time: 00:16:32

HP   0/46        AC 14     Str 22      XL: 8   Next: 83%
MP   8/8         EV  6     Int  9      God: Okawaru [**....]
Gold 287         SH 18     Dex  9      Spells:  0 memorised,  7 levels left

rFire  . . .     SeeInvis .     A - +2 mace (drain)
rCold  . . .     Clarity  .     b - +0 scale mail
rNeg   + . .     Conserve .     c - +0 shield
rPois  +         rCorr    .     (no helmet)
rElec  +         rRot     +     (no cloak)
SustAb . .       Spirit   .     y - +0 pair of gloves
rMut   .         Warding  .     u - +0 pair of boots
Saprov . . .     Stasis   .     (no amulet)
MR     .....                    (no ring)
                                (no ring)

@: not resistant to hostile enchantments, extremely unstealthy
A: life protection 1, electricity resistance, unbreathing, petrification
resistance, AC +5
a: Heroism, Renounce Religion


You were on level 6 of the Dungeon.
You worshipped Okawaru.
Okawaru was pleased with you.
You were not hungry.

You visited 2 branches of the dungeon, and saw 7 of its levels.

You collected 287 gold pieces.

Inventory:

Hand weapons
 x - a +0,+0 whip
 A - a +2,+2 mace of draining (weapon)
Armour
 b - a +0 scale mail (worn)
 c - a +0 shield (worn)
 u - a +0 pair of boots (worn)
 y - a +0 pair of gloves (worn)
Magical devices
 a - a wand of slowing (9)
 s - a wand of random effects (6)
 v - a wand of polymorph (7)
Comestibles
 d - 3 bread rations
 j - 2 meat rations
 F - a pear
Scrolls
 m - 3 scrolls of teleportation
 o - a scroll of recharging {unknown}
 p - 3 scrolls of identify {unknown}
 t - a scroll of curse jewellery {unknown}
 w - a scroll of enchant weapon I {unknown}
 C - 2 scrolls of enchant armour {unknown}
 G - a scroll of remove curse
 H - a scroll of magic mapping
Potions
 e - a potion of restore abilities {unknown}
 f - a potion of agility {unknown}
 g - a potion of heal wounds
 h - a potion of degeneration {unknown}
 i - a potion of resistance {unknown}
 k - a potion of lignification {unknown}
 l - 3 potions of brilliance
 n - 4 potions of curing
 q - a potion of flight {unknown}
 r - a potion of magic {unknown}
 B - a potion of confusion {unknown}
 D - a potion of berserk rage {unknown}
 E - a potion of invisibility {unknown}
Books
 z - a book of Unlife

   Spells                             Type                      Level
   Recall                             Summoning/Translocation      3
   Animate Dead                       Necromancy                   4
   Control Undead                     Necromancy                   4
   Twisted Resurrection               Necromancy                   5
   Death Channel                      Necromancy                   6
   Simulacrum                         Ice/Necromancy               6


   Skills:
 - Level 3.2 Fighting
 + Level 11.6 Maces & Flails
 - Level 3.2 Armour
 - Level 3.2 Shields


You had 7 spell levels left.
You didn't know any spells.

Dungeon Overview and Level Annotations

Branches:
Dungeon (6/16)             Temple (1/1) D:5

Altars:
Ashenzari
Cheibriados
Dithmengos
Elyvilon
Kikubaaqudgha
Makhleb
Nemelex Xobeh
Okawaru
Sif Muna
Trog
Vehumet
Xom
Yredelemnul
Zin
The Shining One


Innate Abilities, Weirdness & Mutations

You are resistant to torment.
You are immune to poison.
Your stone body is very resilient (AC +5).
You resist negative energy.
You are resistant to electric shocks.
You can survive without breathing.
You are immune to petrification.


Message History

The orc warrior moves out of view.
An orc priest comes into view. It is wielding an orcish flail.
The orc priest shouts!
The orc priest invokes the aid of Beogh against you.
Something smites you!
The orc priest mumbles some strange prayers to Beogh.
You feel a wave of unholy energy pass over you.
The crimson imp blinks!
The orc warrior throws a tomahawk.
The tomahawk hits you!
The ogre hits you with a giant spiked club!
The orc priest glows brightly for a moment.
You block the orc's attack.
You see here a tomahawk.
You sock the ogre! You drain the ogre!
The ogre is severely wounded.
The orc warrior throws a tomahawk.
The tomahawk hits you! The orc barely misses you.
The ogre hits you with a giant spiked club!
Ouch! That really hurt!
You die...

. #......()).... .
...........)).... ..
#..#.#####.###### ....
#..#.# #.# ..... #..#.#
#.# ...... #..#.#
#.###### #.....##..#.#
#.......
......oO...#.########...#
.....oo.@................
.....##......########...#
# #.>....# ##.## #......#
#.# #.....## #.# #####.#
#.# #.# ## #.# #..
.....###.## #### #.......


You could see an orc warrior, an ogre, an orc priest and an orc.

Vanquished Creatures
  The ghost of Herrn the Skirmisher, an experienced DjFi (D:4)
  A phantom (D:4)
  A sky beast (D:5)
  2 ogres (D:4)
  The ghost of runewalsh the Sneak, an average OpWz (D:3)
  Sigmund (D:5)
  A giant frog (D:4)
  An ice beast (D:5)
  4 wights (D:6)
  2 crimson imps
  3 orc priests
  2 iguanas
  4 orc wizards
  Jessica (D:2)
  A hound zombie (D:6)
  Terence (D:2)
  4 gnolls
  8 adders
  2 giant mites (D:1)
  An inept feature mimic (D:5)
  2 worker ants (D:5)
  A worm (D:3)
  4 giant geckos
  12 orcs
  3 ball pythons
  A giant cockroach (D:1)
  12 hobgoblins
  7 jackals
  2 quokkas
  11 bats
  3 giant newts
  7 goblins
  10 kobolds
  An ooze (D:3)
  An orc skeleton (D:5)
  16 rats
  A rat skeleton (D:6)
136 creatures vanquished.

Notes
Turn   | Place    | Note
--------------------------------------------------------------
     0 | D:1      | RedPan, the Gargoyle Fighter, began the quest for the Orb.
     0 | D:1      | Reached XP level 1. HP: 14/14 MP: 1/1
   238 | D:1      | Reached XP level 2. HP: 17/19 MP: 2/2
   535 | D:1      | Found a glowing golden altar of the Shining One.
   678 | D:1      | Reached XP level 3. HP: 23/23 MP: 3/3
   741 | D:2      | Noticed Terence
   857 | D:2      | Reached skill level 4 in Maces & Flails
   974 | D:2      | Killed Terence
   974 | D:2      | Reached XP level 4. HP: 28/28 MP: 4/4
  1154 | D:2      | Found a sparkling altar of Nemelex Xobeh.
  1159 | D:2      | Noticed Jessica
  1165 | D:2      | Killed Jessica
  1165 | D:2      | Reached skill level 5 in Maces & Flails
  1665 | D:3      | Found an iron altar of Okawaru.
  1670 | D:3      | Became a worshipper of Warmaster Okawaru
  1706 | D:3      | Reached XP level 5. HP: 18/32 MP: 5/5
  1986 | D:3      | Noticed runewalsh's ghost (average OpWz)
  2491 | D:3      | Reached skill level 6 in Maces & Flails
  2763 | D:4      | Found a sparkling altar of Nemelex Xobeh.
  2764 | D:4      | Noticed Herrn's ghost (experienced DjFi)
  2916 | D:4      | Noticed a phantom
  2951 | D:4      | Killed a phantom
  2951 | D:4      | Reached skill level 7 in Maces & Flails
  2951 | D:4      | Reached XP level 6. HP: 23/37 MP: 6/6
  3176 | D:3      | Killed runewalsh's ghost
  3294 | D:4      | HP: 1/37 [Herrn's ghost (7)]
  3299 | D:4      | Killed Herrn's ghost
  3299 | D:4      | Acquired Okawaru's first power
  3299 | D:4      | Reached skill level 9 in Maces & Flails
  3299 | D:4      | Reached XP level 7. HP: 34/41 MP: 7/7
  3515 | D:4      | Noticed an ogre
  3658 | D:4      | Killed an ogre
  3658 | D:4      | Reached XP level 8. HP: 28/46 MP: 8/8
  3885 | D:4      | Noticed an ogre
  3892 | D:4      | Killed an ogre
  3892 | D:4      | Reached skill level 10 in Maces & Flails
  4201 | D:5      | Entered Level 5 of the Dungeon
  4228 | D:5      | Noticed Sigmund
  4243 | D:5      | Killed Sigmund
  4450 | D:5      | Found a glowing golden altar of the Shining One.
  4478 | D:5      | Found an ancient bone altar of Kikubaaqudgha.
  4557 | D:5      | Reached skill level 11 in Maces & Flails
  4652 | D:5      | Found a staircase to the Ecumenical Temple.
  4706 | D:5      | Found a bloodstained altar of Trog.
  4922 | Temple   | Entered the Ecumenical Temple
  5381 | D:6      | Slain by an ogre

Action                   |  1- 3 |  4- 6 |  7- 9 || total
-------------------------+-------+-------+-------++-------
Melee: Mace              |    86 |   187 |   199 ||   472
       Whip              |       |     1 |       ||     1
Invok: Heroism           |       |       |     2 ||     2
Evoke: Wand              |     4 |     6 |       ||    10
  Use: Scroll            |       |    10 |       ||    10
       Potion            |       |     3 |       ||     3
